 Dungeon Crawl Stone Soup version 0.29.1-15-g9cfb28693d (webtiles) character file.

Game seed: 9359379187682137119

79 M4edhros the Trooper (level 4, -2/33 HPs)
             Began as an Octopode Chaos Knight on Mar 4, 2023.
             Was a Plaything of Xom.
             Slain by Grinder (4 damage)
             ... on level 4 of the Dungeon.
             The game lasted 00:04:17 (707 turns).

M4edhros the Trooper (Octopode Chaos Knight)         Turns: 707, Time: 00:04:18

Health: -2/33      AC:  1    Str: 11    XL:     4   Next: 38%
Magic:  4/4        EV: 18    Int: 12    God:    Xom [...*..]
Gold:   49         SH:  0    Dex: 13    Spells: 3/3 levels left

rFire   . . .      SeeInvis .   a - +0 mace (chaos)
rCold   . . .      Faith    .   (no shield)
rNeg    . . .      Spirit   .   (helmet restricted)
rPois   +          Reflect  .   d - amulet of the acrobat
rElec   .          Harm     .   f - +4 ring of evasion
rCorr   .          Rampage  .   g - ring of wizardry
Will    .....                   i - ring of poison resistance
Stlth   ++........              (no ring)
HPRegen 0.11/turn               (no ring)
MPRegen 0.09/turn               (no ring)
                                (no ring)
                                (no ring)

@: no status effects
A: almost no armour, amphibious, 8 rings, camouflage 1, gelatinous body 1,
(nimble swimmer 1), tentacles, dopey 1
a: Renounce Religion


You were on level 4 of the Dungeon.
You worshipped Xom.
You were a favourite toy of Xom.
You visited 1 branch of the dungeon, and saw 4 of its levels.

You collected 49 gold pieces.

Inventory:

Hand Weapons
 a - a +0 mace of chaos (weapon)
Magical Staves
 k - a staff of conjuration
Jewellery
 d - an amulet of the acrobat (around mantle)
 f - a +4 ring of evasion (left tentacle)
 g - a ring of wizardry (right tentacle)
 i - a ring of poison resistance (on tentacle)
Wands
 p - a wand of flame (14)
Scrolls
 j - 2 scrolls of poison {unknown}
 l - a scroll of torment
 m - a scroll of enchant armour {unknown}
 n - 2 scrolls of identify {unknown}
Potions
 o - a potion of curing
Miscellaneous
 b - a piece from Xom's chessboard (13/15) (quivered)


   Skills:
 + Level 4.1 Fighting
 - Level 3.0 Maces & Flails
 + Level 3.7 Dodging


You had 3 spell levels left.
You didn't know any spells.
Your spell library was empty.

Dungeon Overview and Level Annotations

Branches:
Dungeon (4/15)
 Temple: D:4-7

Altars:
Ashenzari
Okawaru
Uskayaw
Xom
The Shining One

Annotations:
D:4 Grinder


Innate Abilities, Weirdness & Mutations

You cannot wear most types of armour.
You are amphibious.
You can wear up to eight rings at the same time.
Your skin changes colour to match your surroundings (Stealth+).
Your rubbery body absorbs attacks. (AC +1, EV +1)
((You are camouflaged when in or above water. (Stealth+)))
You have tentacles for arms and can constrict up to eight enemies at once.
You are dopey. (Int -2)


Message History

The kobold is severely wounded.
The kobold hits you but does no damage.
You hit the kobold. You freeze the kobold.
You kill the kobold!
Grinder blinks!
It was a potion of brilliance.
You feel clever all of a sudden.
It was a potion of cancellation.
Your magical effects are unravelling.
You feel magically purged.
You feel less wooden.
You feel a little less clever now. Grinder gestures at you.
You suddenly lose the ability to move!
You can move again.
It was a potion of curing.
You feel better. Grinder gestures at you. Pain shoots through your body!
Aiming: Throw Flame
Press: ? - help, Shift-Dir - straight line, f - Grinder
Aim: Grinder (64% to hit)
Okay, then.
You make a move on Xom's chessboard...
Grinder twists and deforms.
You make a move on Xom's chessboard...
Grinder falls asleep!
The helpless Grinder fails to defend herself.
You hit Grinder.
Grinder is poisoned.
Your grab misses Grinder.
Grinder is lightly wounded.
Grinder barely misses you.
You hit Grinder.
Grinder goes berserk!
Your grab misses Grinder.
Grinder is lightly wounded.
Grinder hits you.
You writhe in agony.
Grinder hits you.
You writhe in agony.
You sock Grinder!
Grinder convulses!
You grab Grinder.
Grinder is moderately wounded.
You constrict Grinder. Grinder misses you. Grinder hits you but does no damage.
You hit Grinder.
Grinder is heavily wounded.
You constrict Grinder. Grinder barely misses you. Grinder hits you!
* * * LOW HITPOINT WARNING * * *
You writhe in agony.
You die...
Xom snickers!

.. .... .# #...#
.# #...# ### .#
#...## ###....
..
#...#####......#
..#
#...5@..)....#
#..#
##....###....#
#...# ##..###
...# #... #..##
.## #..## ##..#
# #...## #..##
##...####..#
##...##...## ###
#...##....## *


You could see Grinder (berserk, very poisoned, misshapen).

Vanquished Creatures
  A jelly (D:4)
  An iguana (D:4)
  A worm (D:4)
  2 endoplasms (D:2)
  A giant cockroach (D:1)
  2 goblins
  2 hobgoblins
  A quokka (D:4)
  A frilled lizard (D:1)
  5 kobolds
  A rat (D:2)
18 creatures vanquished.

Notes
Turn   | Place    | Note
-------+----------+-------------------------------------------
     0 | D:1      | M4edhros the Octopode Chaos Knight began the quest for the
                  | Orb.
     0 | D:1      | Reached XP level 1. HP: 16/16 MP: 1/1
   230 | D:2      | Reached XP level 2. HP: 20/21 MP: 2/2
   269 | D:2      | XOM: god gift: 2 scrolls labelled GEKUER KEOC {god gift}
   381 | D:4      | XOM: divination: magic mapping
   390 | D:4      | Reached XP level 3. HP: 22/27 MP: 3/3
   398 | D:4      | Found a hide-covered altar of Uskayaw.
   401 | D:4      | Found a glowing golden altar of the Shining One.
   463 | D:4      | XOM: 1-stop teleportation journey
   471 | D:4      | Found a shimmering altar of Xom.
   474 | D:4      | Found a broken altar of Ashenzari.
   476 | D:4      | Found an iron altar of Okawaru.
   482 | D:4      | Reached skill level 4 in Fighting
   482 | D:4      | Reached XP level 4. HP: 13/33 MP: 4/4
   495 | D:4      | XOM: give mutation
   495 | D:4      | Gained mutation: You are dopey. (Int -2) [Xom's mischief]
   595 | D:4      | XOM: 2-stop teleportation journey
   679 | D:4      | Noticed Grinder
   688 | D:4      | Paralysed by Grinder for 3 turns
   695 | D:4      | Paralysed by Grinder for 4 turns
   707 | D:4      | Slain by Grinder

Illustrated notes

Levels and vault maps discovered:
D:1:      onia_arrival_mini_spirals, layout_loops_ring,
          shapermc_ecumenical_altar_mp_vishouse
D:2:      layout_loops_ring
D:3:      minmay_evil_eye, layout_basic
D:4:      layout_cave_pods, nicolae_overflow_hidden_temple, uniq_grinder,
          uniq_ijyb, uniq_robin

Skill      XL: |  1  2  3 |
---------------+----------+-----
Dodging        | 3 |  3.7
Fighting       | 4 |  4.1
Maces & Flails | |  3.0

Action                   |  1- 3 |  4- 6 || total
-------------------------+-------+-------++-------
Melee: Mace              |    22 |    20 ||    42
       Constrict         |     3 |     3 ||     6
       Tentacles         |     4 |     1 ||     5
Evoke: Piece from Xom's  |     2 |     2 ||     4
  Use: Scroll            |     1 |       ||     1
       Potion            |       |     4 ||     4
 Stab: Sleeping          |     5 |     1 ||     6
Armor: Skin              |     1 |     4 ||     5
Dodge: Dodged            |    18 |    13 ||    31
